 Dungeon Crawl Stone Soup version 0.19.0-19-g8c6edcc (webtiles) character file.

476 Lochraine the Chiller (level 6, -7/45 HPs)
             Began as a Demigod Ice Elementalist on Nov 12, 2016.
             Killed from afar by Nicoed's ghost (25 damage)
             ... with a stone arrow
             ... on level 4 of the Dungeon.
             The game lasted 00:11:32 (6252 turns).

Lochraine the Chiller (Demigod Ice Elementalist)    Turns: 6252, Time: 00:11:33

Health: -7/45      AC:  2    Str: 13    XL:     6   Next: 54%
Magic:  7/14       EV: 11    Int: 21    God:
Gold:   142        SH:  3    Dex: 16    Spells: 4 memorised, 6 levels left

rFire  . . .     SeeInvis .     v - -1 long sword (curse)
rCold  . . .     Gourm    .     a - +0 robe
rNeg   . . .     Faith    .     r - +0 buckler
rPois  .         Spirit   .     (no helmet)
rElec  .         Reflect  .     (no cloak)
rCorr  .         Harm     .     (no gloves)
MR     .....                    (no boots)
Stlth  ++........               (no amulet)
                                (no ring)
                                (no ring)

@: invisible
A: high mp 1
a: no special abilities


You were on level 4 of the Dungeon.
You were hungry.

You visited 1 branch of the dungeon, and saw 4 of its levels.

You collected 142 gold pieces.

Inventory:

Hand Weapons
 h - a +0 dagger
 s - a +0 short sword
 v - a cursed -1 long sword (weapon)
Missiles
 d - 33 poisoned needles
Armour
 a - a +0 robe (worn)
 g - a +0 leather armour
 r - a +0 buckler (worn)
Scrolls
 e - 4 scrolls of identify
 i - a scroll of enchant weapon {unknown}
 k - a scroll of remove curse {unknown}
 l - a scroll of fear {unknown}
 m - a scroll of magic mapping {unknown}
 n - 2 scrolls of noise {unknown}
 u - a scroll of blinking {unknown}
 y - a scroll of recharging {unknown}
Potions
 j - 2 potions of resistance
 p - 4 potions of curing
 q - a potion of agility
 t - a potion of might
 w - a potion of brilliance
Books
 b - a book of Frost

   Spells                             Type                      Level
   a - Freeze                         Ice                          1
   b - Throw Frost                    Conjuration/Ice              2
   c - Ozocubu's Armour               Charms/Ice                   3
   d - Throw Icicle                   Conjuration/Ice              4
   e - Summon Ice Beast               Ice/Summoning                4
 o - a book of Minor Magic

   Spells                             Type                      Level
   a - Magic Dart                     Conjuration                  1
   b - Blink                          Translocation                2
   c - Call Imp                       Summoning                    2
   d - Repel Missiles                 Charms/Air                   2
   e - Slow                           Hexes                        2
   f - Conjure Flame                  Conjuration/Fire             3
   g - Mephitic Cloud                 Conjuration/Poison/Air       3
Comestibles
 c - a bread ration


   Skills:
 - Level 1.7 Dodging
 - Level 1.7 Stealth
 + Level 0.0 Shields
 + Level 3.6 Spellcasting
 * Level 3.9 Conjurations
 + Level 0.0 Translocations
 + Level 4.6 Ice Magic


You had 6 spell levels left.
You knew the following spells:

 Your Spells              Type           Power        Failure   Level  Hunger
a - Freeze                Ice            ###.         3%          1    None
b - Throw Frost           Conj/Ice       ###...       8%          2    ##.....
c - Magic Dart            Conj           ###.         6%          1    None
d - Blink                 Tloc           N/A          38%         2    ##.....


Dungeon Overview and Level Annotations

Branches:
Dungeon (4/15)
 Temple: D:4-7

Annotations:
D:4 Nicoed's ghost, novice OpEE


Innate Abilities, Weirdness & Mutations

You have an increased reservoir of magic. (+10% MP)


Message History

The rocky blast hits you!
Your magical contamination has completely faded away.
Nicoed's ghost makes a sound of rattling chains.
Press: ? - help, v - describe, . - travel
Here: Nicoed's ghost (lightly damaged)
The floor.
Nicoed's ghost shrieks, "What do you have that I didn't have?"
Nicoed's ghost stares at you and mumbles some strange words.
The rocky blast misses you.
Okay, then.
Okay, then.
Unknown command.
Press: ? - help, v - describe, . - travel
Here: Nicoed's ghost (lightly damaged)
The floor.
You fade into invisibility!
Nicoed's ghost stares at you and mumbles some strange words.
The stone arrow hits you!
Ouch! That really hurt!
You die...

##### #...# ###
########.#.# ..# ##
###.W.@....#.###.#.# #.
#...#####..#.....#.###.
#.###...####.#####.#...
#.##..8..##......#.#.#.
#.#.......######.#.....
#.#..._..?#.....>......
#.'.⌠†..⌠.######.#.###.
###..._... #.#.....
....... #.#####.


You could see Nicoed's ghost.

Vanquished Creatures
  A scorpion (D:4)
  A crimson imp (D:4)
  An orc priest (D:4)
  3 orc wizards
  2 iron imps (D:4)
  Jessica (D:2)
  A worker ant (D:4)
  7 gnolls (D:4)
  An adder (D:3)
  2 oozes
  A worm (D:4)
  2 dart slugs
  2 leopard geckos
  8 orcs
  A ball python (D:1)
  6 bats
  4 giant cockroaches
  4 goblins
  5 hobgoblins
  7 kobolds
  4 quokkas
  8 frilled lizards
  10 rats
82 creatures vanquished.

Notes
Turn   | Place    | Note
-------+----------+-------------------------------------------
     0 | D:1      | Lochraine the Demigod Ice Elementalist began the quest for the Orb.
     0 | D:1      | Reached XP level 1. HP: 14/14 MP: 5/5
    35 | D:1      | Reached skill level 3 in Ice Magic
   468 | D:1      | Reached XP level 2. HP: 20/20 MP: 7/7
  1457 | D:2      | Learned a level 2 spell: Throw Frost
  1468 | D:2      | Reached skill level 1 in Conjurations
  1796 | D:2      | Reached XP level 3. HP: 24/26 MP: 6/8
  2434 | D:3      | Noticed Jessica
  2441 | D:2      | Killed Jessica
  2715 | D:3      | Reached skill level 4 in Ice Magic
  2715 | D:3      | Reached XP level 4. HP: 11/33 MP: 4/10
  3317 | D:3      | Found a faded altar of an unknown god.
  3794 | D:4      | Reached XP level 5. HP: 26/38 MP: 6/12
  3917 | D:4      | Learned a level 1 spell: Magic Dart
  4551 | D:4      | Found a stormy altar of Qazlal.
  4999 | D:4      | Found a burning altar of Makhleb.
  5083 | D:4      | Reached XP level 6. HP: 37/45 MP: 1/14
  5649 | D:4      | Learned a level 2 spell: Blink
  6235 | D:4      | Found a sparkling altar of Nemelex Xobeh.
  6236 | D:4      | Found an opulent altar of Gozag.
  6236 | D:4      | Noticed Nicoed's ghost (novice OpEE)
  6252 | D:4      | Killed from afar by Nicoed's ghost

Skill      XL: |  1  2  3  4  5 |
---------------+----------------+-----
Ice Magic      | 3 4 |  4.6
Spellcasting   | 2 3 |  3.6
Conjurations   | 1 2 3 |  3.9
Dodging        | |  1.7
Stealth        | |  1.7

Action                   |  1- 3 |  4- 6 || total
-------------------------+-------+-------++-------
Melee: Unarmed           |     8 |       ||     8
       Dagger            |    39 |       ||    39
       Short sword       |    15 |    18 ||    33
       Long sword        |       |    71 ||    71
 Cast: Freeze            |    50 |    26 ||    76
       Magic Dart        |       |    52 ||    52
       Throw Frost       |       |    36 ||    36
  Use: Scroll            |       |     6 ||     6
       Potion            |       |     1 ||     1
 Stab: Sleeping          |     3 |       ||     3
  Eat: Chunk             |     6 |     7 ||    13
       Bread ration      |       |     1 ||     1
Armor: Robe              |    17 |    16 ||    33
Dodge: Dodged            |    63 |    84 ||   147
       Rpst.: Long sword |       |    19 ||    19
